 Dungeon Crawl Stone Soup version 0.31.0-32-g396128a36d (webtiles) character file.

Game seed: 17893083957437244594

32 tizbic2 the Caller (level 3, -6/25 HPs)
             Began as a Human Summoner on Mar 19, 2024.
             Was an Initiate of Yredelemnul.
             Killed by divine providence
             ... invoked by an orc priest
              (12 damage)
             ... on level 2 of the Dungeon.
             The game lasted 00:04:55 (829 turns).

tizbic2 the Caller (Human Summoner)                  Turns: 829, Time: 00:04:55

Health: -6/25      AC: 10    Str: 10    XL:     3   Next: 25%
Magic:  6/6        EV: 10    Int: 15    God:    Yredelemnul [......]
Gold:   42         SH:  0    Dex: 13    Spells: 5/6 levels left

rFire   . . .        c - +0 club
rCold   . . .        (no shield)
rNeg    . . .        i - +0 ring mail
rPois   .            m - +0 helmet
rElec   .            (no cloak)
rCorr   +            (no gloves)
SInv    .            (no boots)
Will    .....        (no amulet)
Stlth   +            h - +4 ring of protection
HPRegen 0.24/turn    j - ring of resist corrosion
MPRegen 0.10/turn

%: no passive effects
@: no status effects
A: explore regen
a: Renounce Religion, Recall Undead Harvest


You were on level 2 of the Dungeon.
You worshipped Yredelemnul.
Yredelemnul was noncommittal.
You visited 1 branch of the dungeon, and saw 2 of its levels.

You collected 42 gold pieces.

Inventory:

Hand Weapons
 c - a +0 club (weapon)
 g - a +0 whip
Missiles
 d - 12 stones
 l - 6 poisoned darts
Armour
 a - a +0 robe
 i - a +0 ring mail (worn)
 m - a +0 helmet (worn)
Jewellery
 h - a +4 ring of protection (left hand)
 j - a ring of resist corrosion (right hand)
Scrolls
 k - a scroll of blinking {unknown}
Potions
 b - a potion of magic
 e - 2 potions of might {unknown}
 f - a potion of mutation {unknown}
 n - a potion of invisibility {unknown}
 o - a potion of lignification {unknown}
 p - a potion of attraction {unknown}


   Skills:
 + Level 0.7 Fighting
 + Level 0.6 Staves
 + Level 0.4 Armour
 + Level 2.3 Dodging
 - Level 2.1 Stealth
 + Level 2.2 Spellcasting
 * Level 4.3 Summonings


You had 5 spell levels left.
You knew the following spells:

 Your Spells              Type           Power      Damage    Failure   Level
a - Summon Small Mammal   Summ           56%        N/A       10%         1

Your spell library contained the following spells:

 Spells                   Type           Power      Damage    Failure   Level
 Call Imp                 Summ           28%        N/A       14%         2
 Call Canine Familiar     Summ           14%        N/A       28%         3
 Summon Blazeheart Golem  Fire/Summ      8%         N/A       93%         4
 Summon Lightning Spire   Summ/Air       8%         N/A       93%         4


Dungeon Overview and Level Annotations

Branches:
Dungeon (2/15)

Altars:
Yredelemnul


Innate Abilities, Weirdness & Mutations

You regain HP and MP as you explore.


Message History

The orc barely misses you.
A ball python comes into view.
The frilled lizard closely misses you.
The orc priest looks encouraged for a moment.
Your giant cockroach zombie barely misses the frilled lizard.
The frilled lizard closely misses you. The orc closely misses you.
The ball python moves out of view.
You barely miss something.
Your giant cockroach zombie bites the frilled lizard.
The frilled lizard dies!
The orc barely misses you.
You barely miss something. Something hits you but does no damage.
You closely miss the orc priest.
The orc priest is moderately wounded.
The orc misses you. The orc priest barely misses you. Something hits you.
Your hobgoblin zombie closely misses the orc.
Your giant cockroach zombie bites the orc but does no damage.
You completely miss the orc priest.
The orc priest is moderately wounded.
The orc hits you but does no damage. The orc priest barely misses you.
Something hits you but does no damage.
Your giant cockroach zombie bites the orc.
Your hobgoblin zombie hits the orc.
Something hits you but does no damage.
The orc priest invokes the aid of Beogh against you.
Pain shoots through your body! The orc hits you but does no damage.
Your giant cockroach zombie bites the orc but does no damage.
You barely miss the orc priest.
The orc priest is moderately wounded.
Your hobgoblin zombie barely misses the orc.
The orc hits you with a +0 morningstar!
* * * LOW HITPOINT WARNING * * *
The orc priest looks satisfied for a moment.
Something hits you but does no damage.
Your giant cockroach zombie closely misses the orc.
You swap places.
Your hobgoblin zombie hits the orc.
The orc closely misses you.
The orc priest mumbles some strange prayers to Beogh against you.
Beogh smites you!
You die...
Your body rises from the dead as a mindless zombie.

#######.######
#.# #.# #.# #.#
#.# #>#
########Z#####
......{Z@....#
######ooZ.......
#.....#.###
#.#.### # #.#.#
#...< ###+#


You could see an orc priest (ally target), an orc, a friendly giant cockroach
zombie, a friendly hobgoblin zombie and a friendly dart slug zombie.

Vanquished Creatures
  A dart slug (D:2)
  A giant cockroach (D:2)
  A goblin (D:1)
  2 hobgoblins (D:2)
  A quokka (D:1)
  A bat (D:1)
  A frilled lizard (D:1)
8 creatures vanquished.

Vanquished Creatures (collateral kills)
  2 dart slugs (D:1)
  2 ball pythons (D:1)
  4 goblins
  A hobgoblin (D:1)
  A quokka (D:1)
  A frilled lizard (D:2)
  3 kobolds (D:1)
14 creatures vanquished.

Grand Total: 22 creatures vanquished

Notes
Turn   | Place    | Note
-------+----------+-------------------------------------------
     0 | D:1      | tizbic2 the Human Summoner began the quest for the Orb.
     0 | D:1      | Reached XP level 1. HP: 13/13 MP: 3/3
   158 | D:1      | Reached XP level 2. HP: 19/19 MP: 3/5
   246 | D:1      | Found a faded altar of an unknown god.
   252 | D:1      | Prayed at the altar of an unknown god.
   252 | D:1      | Became a worshipper of Yredelemnul the Dark
   252 | D:1      | Reached * piety under Yredelemnul
   745 | D:2      | Reached XP level 3. HP: 23/25 MP: 4/6
   829 | D:2      | Killed from afar by an orc priest

Illustrated notes

Levels and vault maps discovered:
D:1:      wander_arrival_abandoned_jail, layout_basic, basic_ecumenical_altar
D:2:      layout_loops_corners

Action                     || total
---------------------------++-------
  Melee: Club              ||    56
         Unarmed           ||     2
   Cast: Summon Small Mamm ||    11
   Stab: Sleeping          ||     1
 Armour: Robe              ||     8
         Ring mail         ||    42
  Dodge: Dodged            ||    39
